 Dungeon Crawl Stone Soup version 0.30-a0-949-g53dc5368d7 (webtiles) character file.

Game seed: 16316859349452515718

151952 Lobster4 the Thaumaturge (level 18, -16/198 HPs)
             Began as a Djinni Fire Elementalist on Mar 27, 2023.
             Was the Champion of Makhleb.
             Demolished by a deep elf blademaster
             ... wielding a +0 rapier
              (20 damage)
             ... on level 3 of the Elven Halls.
             The game lasted 02:17:02 (36843 turns).

Lobster4 the Thaumaturge (DjFE)                    Turns: 36843, Time: 02:17:02

Health: -16/198    AC: 14    Str:  7    XL:     18   Next: 19%
Gold:   1541       EV: 17    Int: 25    God:    Makhleb [******] SH: 13 Dex: 18

rFire   + . .      SeeInvis .    a - +7 dagger "Umures" {spect, *Rage rN++ rCorr}
rCold   + . .      Faith    .    w - +2 buckler
rNeg    + + +      Spirit   .    W - +1 leather armour {rC+}
rPois   ∞          Reflect  +    J - +2 helmet
rElec   +          Rampage  .    M - +1 cloak {Will+}
rCorr   +          Rage     20%  k - +2 pair of gloves
Will    ++...                    (boots unavailable) Stlth
                                 F - amulet of reflection
HPRegen 0.53/turn                H - ring "Vuthat" {rElec rN+ Dex+4}
MPRegen 0.00/turn                n - ring of ice

@: berserking (expiring), flying, very quick
A: sickness immunity, fire resistance 2, cold vulnerability 1, float, innate
caster, HP casting, extra vitality 1
a: Renounce Religion, Minor Destruction, Lesser Servant of Makhleb, Major
Destruction, Greater Servant of Makhleb


You were on level 3 of the Elven Halls.
You worshipped Makhleb.
Makhleb was exalted by your worship.
You visited 7 branches of the dungeon, and saw 27 of its levels.
You visited the Abyss 1 time.
You also visited: Bailey, Ice Cave and Volcano.

You collected 2948 gold pieces.
You spent 1407 gold pieces at shops.

Inventory:

Hand Weapons
 a - the +7 dagger "Umures" (weapon) {spect, *Rage rN++ rCorr}
   (You found it on level 4 of the Dungeon)

   rN:        It greatly protects you from negative energy.
   *Rage:     It berserks you when you make melee attacks (+20% chance).
   rCorr:     It protects you from acid and corrosion.
 b - the +6 arbalest "Fanungac" {penet, Int+3}
   (You found it on level 4 of the Lair of Beasts)

   Int:       It affects your intelligence (+3).
 i - a +1 longbow of electrocution
 o - the +0 quarterstaff of Satyriasis {heavy, rCorr Int+3 Stlth+}
   (You took it off a deep elf zephyrmancer on level 1 of the Elven Halls)

   Int:       It affects your intelligence (+3).
   rCorr:     It protects you from acid and corrosion.
   Stlth:     It makes you more stealthy.
 u - the +9 dagger of the Mordant God {holy, rElec Int+5}
   (You bought it in a shop on level 2 of the Orcish Mines)

   Int:       It affects your intelligence (+5).
   rElec:     It insulates you from electricity.
 X - a +3 shortbow of freezing
Missiles
 e - 2 throwing nets
 v - 30 poisoned darts (quivered)
 R - a curare-tipped dart
Armour
 k - a +2 pair of gloves (worn)
 s - a +3 ring mail of fire resistance
 w - a +2 buckler (worn)
 D - a +2 cloak of fire resistance
 J - a +2 helmet (worn)
 M - a +1 cloak of willpower (worn)
 N - a +2 leather armour of willpower
 O - a +0 troll leather armour
 Q - a +2 robe of the Archmagi
 W - a +1 leather armour of cold resistance (worn)
Jewellery
 f - an amulet of the acrobat
 j - an amulet of regeneration
 n - a ring of ice (right hand)
 F - an amulet of reflection (around neck)
 H - the ring "Vuthat" (left hand) {rElec rN+ Dex+4}
   (You found it on level 5 of the Lair of Beasts)

   [ring of positive energy]

   Dex:       It affects your dexterity (+4).
   rElec:     It insulates you from electricity.
   rN:        It protects you from negative energy.
 L - a ring of fire
Wands
 r - a wand of iceblast (9)
 x - a wand of mindburst (12)
 P - a wand of flame (48)
 S - a wand of charming (12)
Scrolls
 g - 7 scrolls of poison
 m - 5 scrolls of fog
 q - a scroll of silence
 y - 4 scrolls of immolation
 A - 4 scrolls of enchant weapon
 B - a scroll of magic mapping
 E - 2 scrolls of blinking
 I - 11 scrolls of teleportation
 K - 4 scrolls of identify
 Z - a scroll of fear
Potions
 c - a potion of invisibility
 d - 6 potions of cancellation
 h - a potion of might
 l - 5 potions of curing
 p - 5 potions of lignification
 t - 4 potions of resistance
 z - 3 potions of mutation
 C - a potion of haste
 T - a potion of heal wounds
 V - a potion of ambrosia
Miscellaneous
 G - a phial of floods
 Y - a box of beasts


   Skills:
 + Level 13.2 Fighting
 - Level 5.0 Short Blades
 + Level 9.5 Ranged Weapons
 - Level 3.0 Throwing
 - Level 10.0 Armour
 - Level 10.0 Dodging
 - Level 4.0 Stealth
 - Level 6.0 Shields
 * Level 14.6 Spellcasting
 + Level 8.1 Invocations
 - Level 6.0 Evocations


You knew the following spells:

 Your Spells              Type           Power      Damage    Failure   Level
a - Foxfire               Conj/Fire      100%       2x1d9     0%          1
b - Scorch                Fire           100%       2d10      1%          2
c - Slow                  Hex            100%       N/A       0%          1
d - Inner Flame           Hex/Fire       75%        N/A       1%          3
e - Flame Wave            Conj/Fire      75%        2d17      1%          4
f - Blink                 Tloc           100%       N/A       1%          2
g - Gell's Gravitas       Tloc           75%        N/A       1%          3
h - Frozen Ramparts       Ice            100%       1d16      1%          3
i - Conjure Ball Lightni  Conj/Air       37%        3x3d12    1%          6
j - Silence               Hex/Air        37%        N/A       1%          5
k - Kindle Blastsparks    Fire/Tloc/Air  100%       2d18      1%          3
l - Lee's Rapid Deconstr  Erth           37%        3d19*     1%          5
m - Storm Form            Tmut/Air       37%        N/A       11%         7
Your spell library was empty.

Dungeon Overview and Level Annotations

Branches:
Dungeon (13/15)            Temple (1/1) D:6            Lair (5/5) D:10
  Swamp (2/4) Lair:3        Snake (1/4) Lair:3        Slime (0/5) Lair:5
    Orc (2/2) D:12            Elf (3/3) Orc:2        Bailey (visited)
  IceCv (visited)         Volcano (visited)
 Vaults: D:13-14

Altars:
Ashenzari
Cheibriados
Dithmenos
Elyvilon
Fedhas
Gozag
Hepliaklqana
Makhleb
Nemelex Xobeh
Okawaru
Qazlal
Ru
Trog
Uskayaw
Wu Jian
Xom
Yredelemnul
Zin
The Shining One
Jiyva

Shops:
D:7 ?[=?   D:8 ?   Orc:2 (::[

Portals:
Trove: Elf:1 (give +3 storm dragon scales)

Annotations:
Snake:1 exclusion: door, Asterion
Elf:2 3 runed translucent doors
Elf:3 1 exclusion


Innate Abilities, Weirdness & Mutations

You are immune to sickness and miasma.
You are immune to poison.
Your flesh is very heat resistant. (rF++)
You are vulnerable to cold. (rC-)
You float through the air rather than walking.
You learn spells naturally, not from books.
Your magical power is your life essence.
You have superior vitality. (+4 MHP)


Message History

The earth elemental disappears in a puff of smoke!
A +0 trident of protection comes into view.
The deep elf blademaster hits you but does no damage.
The deep elf blademaster closely misses you.
You puncture the earth elemental!
The earth elemental is lightly damaged.
The deep elf blademaster burns!
The deep elf blademaster dies!
Makhleb accepts your kill.
The +1 dire flail of holy wrath hits you.
A +3 heavy glaive comes into view.
The orc high priest mumbles some strange prayers to Beogh.
The deep elf blademaster hits you with a +0 rapier!
The deep elf blademaster barely misses you.
You hit the earth elemental.
The earth elemental is moderately damaged.
The deep elf blademaster closely misses you.
The deep elf blademaster hits you with a +0 short sword!
The +1 dire flail of holy wrath hits you but does no damage.
The earth elemental hits you!!
* * * LOW HITPOINT WARNING * * *
The earth elemental hits you!
* * * LOW HITPOINT WARNING * * *
You block the earth elemental's attack.
A deep elf high priest comes into view. It is wielding a +0 short sword.
The earth elemental barely misses you.
You block the deep elf blademaster's attack.
The deep elf blademaster misses you.
You are too berserk!
You hit the earth elemental but do no damage.
The earth elemental is moderately damaged.
The deep elf blademaster hits you with a +0 short sword!
* * * LOW HITPOINT WARNING * * *
The deep elf blademaster hits you but does no damage.
You block the +1 dire flail of holy wrath's attack.
You puncture the earth elemental!
The earth elemental is moderately damaged.
The deep elf blademaster barely misses you.
The deep elf blademaster hits you with a +0 rapier!!
You die...

..#####.....'.....'.......##.:...
..#$?)#....########......<''.....
..#:!$#...## #.......##.....
?.#(?$#...# ###...####.....
..#####..## #...# #.....
.........# ###[### #.....
.........# ####...# ######
##[####### ##EE..### #.## #E@(E##
.## #eEe.# ## #.EEo.# #
**###o###** # ***,,Eeeee,,*** #
***,,,,.e3o),,,,*** #
**,,,,,e..o(.e,,,,,** #
**,,,,,#.##ee##.,,,,,** #
**,,,,,,[#*...#*##,,,,,**


You could see 2 deep elf blademasters, a deep elf annihilator, a deep elf death
mage, a ghostly deep elf elementalist (fast, repels missiles), an orc high
priest, a deep elf demonologist, a deep elf high priest, 7 earth elementals, a
deep elf pyromancer, a ynoxinul (summoned), an orc warrior, 2 dancing weapons
and 2 orcs.

Vanquished Creatures
  Nikola (Elf:1)
  A deep elf blademaster (Elf:3)
  Louise (Elf:1)
  A reaper (IceCv)
  A deep elf elementalist (Elf:3)
  A black draconian (Abyss:3)
  A deep elf demonologist (Elf:3)
  2 dire elephants (Lair:5)
  A bunyip (Swamp:1)
  A deep elf death mage (Elf:3)
  An ettin (D:13)
  A deep elf high priest (Elf:1)
  Fannar (D:11)
  11 hydras
  A hydra (shapeshifter) (D:13)
  3 anacondas (Snake:1)
  3 centaur warriors (D:13)
  An alligator (Lair:3)
  6 boulder beetles
  3 catoblepae
  A two-headed ogre (shapeshifter) (Elf:2)
  2 tengu warriors (D:13)
  3 two-headed ogres
  13 dancing weapons
  7 death yaks
  3 naga warriors (Snake:1)
  A shock serpent (Snake:1)
  An orc high priest (Elf:1)
  A hell knight (Volcano)
  7 deep elf knights
  2 naga sharpshooters (Snake:1)
  A sixfirhy (Abyss:3)
  2 skysharks (Lair:3)
  2 salamander mystics
  Lodul (D:12)
  2 goliath frogs (Swamp:1)
  A spectral anaconda (Lair:5)
  2 spectral death yaks (Lair:5)
  An obsidian statue (Lair:5)
  A bog body (Swamp:1)
  7 deep elf archers
  9 orc sorcerers (Orc:2)
  2 orc knights
  A wolf spider (shapeshifter) (Elf:1)
  4 necromancers (Lair:5)
  25 deep elf pyromancers
  21 deep elf zephyrmancers
  5 salamanders
  2 ugly things
  2 mana vipers (Snake:1)
  4 cyclopes
  2 will-o-the-wisps (Swamp:1)
  8 elephants (Lair:5)
  2 ice statues (IceCv)
  12 black mambas
  2 manticores
  4 gargoyles
  2 demonic crawlers (Elf:2)
  A molten gargoyle (Volcano)
  5 naga magi (Snake:1)
  16 cane toads
  2 unseen horrors (D:10)
  Maggie (Lair:2)
  A dire elephant skeleton (Lair:5)
  A kobold demonologist (D:10)
  3 rime drakes
  6 ice devils (IceCv)
  7 komodo dragons
  An anaconda simulacrum (IceCv)
  9 trolls
  A meliai (D:13)
  6 polar bears
  A tyrant leech (Swamp:1)
  A hornet (Swamp:1)
  A raiju (shapeshifter) (Elf:1)
  A tarantella (shapeshifter) (Elf:1)
  31 blink frogs
  2 spectral elephants (Lair:5)
  10 slime creatures
  2 shadows
  4 wraiths
  3 water elementals
  36 yaks
  A spriggan (Swamp:1)
  6 wyverns
  3 air elementals
  A vampire (D:13)
  2 dire elephant simulacra (IceCv)
  9 basilisks
  2 death yak simulacra
  13 vampire mosquitoes
  A hydra simulacrum (IceCv)
  6 wargs
  A harpy simulacrum (IceCv)
  A swamp worm (Swamp:1)
  3 acid dragons
  13 nagas
  8 water moccasins
  3 ice beasts
  16 orc warriors
  A sky beast (D:7)
  11 ogres
  A black bear (Lair:1)
  6 wolves (Lair:1)
  4 centaurs
  An elephant skeleton (Lair:5)
  2 kobold brigands (D:10)
  12 bullfrogs
  A scorpion (D:5)
  4 cane toad simulacra
  An earth elemental (Elf:2)
  6 wights
  2 elephant simulacra (Lair:5)
  A vampire bat (Lair:1)
  6 howler monkeys
  An electric eel (Lair:3)
  A jelly (D:4)
  22 orc priests
  2 gnoll boudas
  4 hounds
  3 sleepcaps
  6 iguanas
  43 orc wizards
  A polar bear simulacrum (IceCv)
  A statue (D:4)
  2 spriggan simulacra (IceCv)
  A wolf simulacrum (IceCv)
  12 gnolls
  4 adders
  3 naga simulacra (IceCv)
  2 shadow imps (D:7)
  3 white imps (IceCv)
  6 ufetubi
  A worm (D:5)
  2 dart slugs
  107 orcs
  4 ball pythons
  9 endoplasms
  3 giant cockroaches
  9 goblins
  8 hobgoblins
  4 jackals (D:5)
  10 kobolds
  9 quokkas
  10 bats
  2 frilled lizards
  4 rats
  A spectral hobgoblin (D:3)
810 creatures vanquished.

Vanquished Creatures (collateral kills)
  A deep elf blademaster (Elf:3)
  A deep elf pyromancer (Volcano)
  A cyclops (Volcano)
  A gargoyle (Volcano)
  2 molten gargoyles (Volcano)
  6 ball lightnings
  22 foxfires
34 creatures vanquished.

Vanquished Creatures (others)
  173 ball lightnings
  2353 foxfires
  25 fungi
  43 plants
  22 withered plants (Lair:5)
2616 creatures vanquished.

Grand Total: 3460 creatures vanquished

Notes
Turn   | Place    | Note
-------+----------+-------------------------------------------
     0 | D:1      | Lobster4 the Djinni Fire Elementalist began the quest for
                  | the Orb.
     0 | D:1      | Lobster4 set off with the following spells memorised:
                  | Foxfire, Scorch, Kindle Blastsparks, Inner Flame, Flame
                  | Wave.
     0 | D:1      | Reached XP level 1. HP: 15/15 MP: 0/0
   125 | D:1      | Reached XP level 2. HP: 18/21 MP: 0/0
   391 | D:1      | Reached XP level 3. HP: 23/26 MP: 0/0
   391 | D:1      | Learned a level 1 spell: Slow
   776 | D:2      | Found a faded altar of an unknown god.
  1353 | D:3      | Reached skill level 1 in Fighting
  1482 | D:3      | Reached skill level 1 in Armour
  1482 | D:3      | Reached skill level 3 in Spellcasting
  1482 | D:3      | Reached XP level 4. HP: 28/32 MP: 0/0
  1622 | D:3      | Found a hazy altar of Hepliaklqana.
  2237 | D:4      | Noticed an ogre
  2456 | D:4      | Reached XP level 5. HP: 34/37 MP: 0/0
  2456 | D:4      | Learned a level 2 spell: Blink
  2507 | D:4      | Reached skill level 1 in Ranged Weapons
  2549 | D:4      | Found a shadowy altar of Dithmenos.
  2550 | D:4      | Found a shimmering altar of Xom.
  2623 | D:4      | Reached XP level 6. HP: 35/43 MP: 0/0
  2791 | D:4      | Identified the +7 dagger "Umures" {spect, *Rage rN++ rCorr}
  2802 | D:4      | Killed an ogre
  3055 | D:5      | Entered Level 5 of the Dungeon
  3164 | D:5      | Reached XP level 7. HP: 43/49 MP: 0/0
  3164 | D:5      | Learned a level 3 spell: Gell's Gravitas
  3234 | D:5      | Noticed a water moccasin
  3251 | D:5      | Killed a water moccasin
  3252 | D:5      | Reached skill level 4 in Spellcasting
  3468 | D:5      | Reached XP level 8. HP: 51/56 MP: 0/0
  4022 | D:5      | Reached skill level 1 in Short Blades
  4188 | D:6      | Found a staircase to the Ecumenical Temple.
  4414 | D:6      | Reached skill level 1 in Evocations
  4524 | D:6      | Reached skill level 1 in Throwing
  4617 | Temple   | Entered the Ecumenical Temple
  4628 | Temple   | Became a worshipper of Makhleb the Destroyer
  5147 | D:7      | Found a flagged portal.
  5185 | Bailey   | Entered a bailey
  5311 | Bailey   | Reached * piety under Makhleb
  5410 | Bailey   | Noticed an orc knight
  5445 | Bailey   | Killed an orc knight
  5446 | Bailey   | Reached skill level 5 in Spellcasting
  5446 | Bailey   | Reached XP level 9. HP: 53/62 MP: 0/0
  5446 | Bailey   | Learned a level 3 spell: Frozen Ramparts
  5505 | Bailey   | Identified the +0 plate armour of Omoaquh {rPois}
  5529 | Bailey   | Reached skill level 5 in Dodging
  5792 | D:7      | Found Ihetur's Magic Scroll Shoppe.
  5802 | D:7      | Bought a scroll of poison for 56 gold pieces
  5802 | D:7      | Bought a scroll of teleportation for 42 gold pieces
  5802 | D:7      | Bought a scroll of teleportation for 42 gold pieces
  5802 | D:7      | Bought a scroll of fear for 56 gold pieces
  5802 | D:7      | Bought a scroll of teleportation for 42 gold pieces
  5802 | D:7      | Bought a scroll of identify for 28 gold pieces
  5802 | D:7      | Bought a scroll of identify for 28 gold pieces
  5802 | D:7      | Bought a scroll of magic mapping for 105 gold pieces
  5832 | D:7      | Found a sparkling altar of Nemelex Xobeh.
  5855 | D:7      | Found Nilol's Antique Armour Boutique.
  6034 | D:7      | Found Booddem's Magic Scroll Boutique.
  6041 | D:7      | Bought a scroll of identify for 26 gold pieces
  6041 | D:7      | Bought a scroll of identify for 26 gold pieces
  6041 | D:7      | Bought a scroll of identify for 26 gold pieces
  6056 | D:7      | Found Qiugonef's Jewellery Emporium.
  6231 | D:7      | Bought a glowing leather armour for 100 gold pieces
  6297 | D:7      | Reached skill level 1 in Shields
  6658 | D:7      | Reached XP level 10. HP: 69/69 MP: 0/0
  7134 | D:8      | Found Puut's Magic Scroll Shop.
  7215 | D:8      | Noticed a two-headed ogre
  7216 | D:8      | Reached ** piety under Makhleb
  7325 | D:8      | Killed a two-headed ogre
  7326 | D:8      | Reached skill level 6 in Spellcasting
  7326 | D:8      | Reached skill level 1 in Invocations
  7613 | D:8      | Found a bloodstained altar of Trog.
  7838 | D:8      | Bought a scroll of summoning for 104 gold pieces
  7906 | D:9      | Reached skill level 5 in Armour
  7961 | D:9      | Found a glowing silver altar of Zin.
  7961 | D:9      | Found a white marble altar of Elyvilon.
  7962 | D:9      | Found a glowing golden altar of the Shining One.
  8096 | D:9      | Reached skill level 5 in Fighting
  8313 | D:9      | Noticed a purple ugly thing
  8323 | D:9      | Killed a purple ugly thing
  8637 | D:9      | Found a bloodstained altar of Trog.
  8742 | D:10     | Entered Level 10 of the Dungeon
  8756 | D:10     | Killed an unseen horror
  8757 | D:10     | Reached XP level 11. HP: 55/76 MP: 0/0
  8757 | D:10     | Learned a level 5 spell: Lee's Rapid Deconstruction
  9217 | D:10     | Found an opulent altar of Gozag.
  9218 | D:10     | Found a snail-covered altar of Cheibriados.
  9218 | D:10     | Found a hide-covered altar of Uskayaw.
  9221 | D:10     | Found a broken altar of Ashenzari.
  9222 | D:10     | Found an ornate altar of the Wu Jian Council.
  9347 | D:10     | Reached *** piety under Makhleb
  9550 | D:10     | Reached skill level 7 in Spellcasting
  9822 | D:10     | Found a staircase to the Lair.
 10203 | D:10     | Noticed a two-headed ogre
 10215 | D:10     | Killed a two-headed ogre
 11064 | D:11     | Noticed a boulder beetle
 11078 | D:11     | Killed a boulder beetle
 11291 | D:11     | Noticed Fannar
 11518 | Lair:1   | Entered Level 1 of the Lair of Beasts
 11525 | Lair:1   | Reached skill level 5 in Ranged Weapons
 11596 | Lair:1   | Reached XP level 12. HP: 82/84 MP: 0/0
 11743 | Lair:1   | Reached skill level 5 in Shields
 11745 | Lair:1   | Reached **** piety under Makhleb
 11753 | Lair:1   | Reached skill level 8 in Spellcasting
 12028 | Lair:1   | You are sucked into a shaft and drop 1 floor!
 12236 | Lair:1   | Reached skill level 5 in Short Blades
 12934 | Lair:2   | Noticed Maggie
 12949 | Lair:2   | Killed Maggie
 13668 | Lair:3   | Found a dark tunnel.
 13676 | Volcano  | Entered a volcano
 13701 | Volcano  | Reached XP level 13. HP: 65/90 MP: 0/0
 13701 | Volcano  | Learned a level 5 spell: Silence
 13855 | Volcano  | Reached skill level 9 in Spellcasting
 13914 | Volcano  | Reached ***** piety under Makhleb
 14271 | Volcano  | Noticed an orb of fire
 14413 | Volcano  | Noticed an orb of fire
 14730 | Lair:3   | Found a staircase to the Snake Pit.
 14935 | Lair:3   | Noticed a six-headed hydra
 14943 | Lair:3   | Killed a six-headed hydra
 15013 | Lair:3   | Found a staircase to the Swamp.
 15330 | Lair:3   | Reached skill level 10 in Spellcasting
 15381 | Lair:4   | Noticed a catoblepas
 15394 | Lair:4   | Killed a catoblepas
 15458 | Lair:4   | Identified the +6 arbalest "Fanungac" {penet, Int+3}
 15637 | Lair:4   | Reached XP level 14. HP: 88/99 MP: 0/0
 15782 | Lair:4   | Reached skill level 10 in Dodging
 17015 | Lair:5   | Entered Level 5 of the Lair of Beasts
 17197 | Lair:5   | Found a frozen archway.
 17374 | IceCv    | Entered an ice cave
 17725 | IceCv    | Noticed a reaper
 17967 | IceCv    | Killed a reaper
 18598 | IceCv    | Reached skill level 11 in Spellcasting
 18927 | Lair:5   | Identified the +4 scale mail "Idghuas" {MP+9 SInv}
 18965 | Lair:5   | Found a viscous altar of Jiyva.
 18965 | Lair:5   | Found a staircase to the Slime Pits.
 19174 | Lair:5   | Reached ****** piety under Makhleb
 19181 | Lair:5   | Reached skill level 10 in Armour
 19503 | Lair:5   | Noticed a dire elephant
 19906 | Lair:5   | Killed a dire elephant
 19907 | Lair:5   | Reached skill level 10 in Fighting
 20095 | Lair:5   | Noticed a dire elephant
 20176 | Lair:5   | Reached XP level 15. HP: 103/107 MP: 0/0
 20176 | Lair:5   | Learned a level 6 spell: Conjure Ball Lightning
 20745 | Lair:5   | Reached skill level 5 in Invocations
 21287 | Lair:5   | Identified the ring "Vuthat" {rElec rN+ Dex+4}
 22784 | D:11     | Killed Fannar
 22883 | D:11     | Reached skill level 12 in Spellcasting
 23355 | D:12     | Noticed Lodul
 23359 | D:12     | Killed Lodul
 23561 | D:12     | Found a staircase to the Orcish Mines.
 24480 | Orc:1    | Entered Level 1 of the Orcish Mines
 24604 | Orc:2    | Entered Level 2 of the Orcish Mines
 25302 | Orc:2    | Found Ofiacut's Book Shoppe.
 25302 | Orc:2    | Found Nejuyzo's Antique Weapon Shop.
 25805 | Orc:2    | Found a staircase to the Elven Halls.
 25877 | Orc:2    | Found Deam Yfrua's Book Shop.
 25931 | Orc:2    | Found Moiss's Antique Armour Shoppe.
 26377 | Orc:2    | Bought a masterwork dagger for 182 gold pieces
 26377 | Orc:2    | Identified the +9 dagger of the Mordant God {holy, rElec
                  | Int+5} (You bought it in a shop on level 2 of the Orcish
                  | Mines)
 26380 | Orc:2    | Bought a bloodstained rapier for 234 gold pieces
 26380 | Orc:2    | Identified the +1 rapier of Ignis's Castigation {flame,
                  | rElec Str+6 Stlth+} (You bought it in a shop on level 2 of
                  | the Orcish Mines)
 26418 | Orc:2    | Bought a distressingly furry scarf for 310 gold pieces
 26418 | Orc:2    | Identified the scarf "Luyhu Kuyrr" {+Inv, rN+} (You bought
                  | it in a shop on level 2 of the Orcish Mines)
 26914 | D:13     | Reached XP level 16. HP: 99/116 MP: 0/0
 27599 | D:13     | Reached skill level 13 in Spellcasting
 28544 | Swamp:1  | Entered Level 1 of the Swamp
 29602 | Swamp:2  | Noticed a fenstrider witch
 29651 | Snake:1  | Entered Level 1 of the Snake Pit
 30642 | Snake:1  | Noticed Asterion
 31223 | Elf:1    | Entered Level 1 of the Elven Halls
 31430 | Elf:1    | Paralysed by an air elemental for 1 turns
 31583 | Elf:1    | Reached XP level 17. HP: 118/124 MP: 0/0
 31583 | Elf:1    | Learned a level 7 spell: Storm Form
 32144 | Elf:1    | Noticed Louise
 32204 | Abyss:3  | Cast into level 3 of the Abyss (Louise)
 32242 | Abyss:3  | Found a corrupted altar of Lugonu.
 32285 | Elf:1    | Escaped the Abyss
 32298 | Elf:1    | Killed Louise
 32369 | Elf:1    | Found a portal to a secret trove of treasure.
 32589 | Elf:1    | Reached skill level 14 in Spellcasting
 32946 | Elf:1    | Noticed Nikola
 32955 | Elf:1    | Killed Nikola
 33164 | Elf:1    | Identified the +0 quarterstaff of Satyriasis {heavy, rCorr
                  | Int+3 Stlth+}
 33687 | Elf:1    | Reached skill level 5 in Evocations
 35485 | Elf:2    | Found a runed translucent gate.
 35485 | Elf:2    | Found a runed translucent gate.
 35489 | Elf:2    | Found a runed translucent gate.
 35626 | Elf:2    | Reached XP level 18. HP: 131/132 MP: 0/0
 36087 | Elf:3    | Entered Level 3 of the Elven Halls
 36554 | Elf:3    | Noticed a deep elf blademaster
 36674 | Elf:3    | Killed a deep elf blademaster
 36820 | Elf:3    | Noticed a deep elf blademaster
 36820 | Elf:3    | Identified the +3 leather armour of Gozag's Hope {*Corrode
                  | rN+++ Will++ Str-3}
 36820 | Elf:3    | Noticed a deep elf blademaster
 36825 | Elf:3    | Noticed a deep elf blademaster
 36840 | Elf:3    | Killed a deep elf blademaster
 36842 | Elf:3    | HP: 4/198 [deep elf blademaster/+0 short sword (13)]
 36843 | Elf:3    | Demolished by a deep elf blademaster

Illustrated notes

Levels and vault maps discovered:
D:1:      dpeg_arrival_three_same_balls, layout_rooms
D:2:      layout_loops_ring, dreamdust_ecumenical_altar_angels_and_demons
D:3:      layout_basic, nicolae_hepliaklqana_monster_ancestors,
          grunt_ministairs_4, nicolae_concentric_dashed_squares_mild
D:4:      layout_rooms, jmf_multi_god_temple, vehumet_statue,
          minmay_goblin_kobold_house
D:5:      kb_forest_paths, layout_basic, bh_walls_and_bars
D:6:      layout_gridville, minmay_temple_entry_statues
D:7:      layout_basic, amcnicky_altar_gilded, enter_bailey_2, serial_shops,
          shop, nicolae_take_the_stairs, nicolae_shop_window_shopping, shop
D:8:      layout_basic, serial_shops, shop, david_defended_altar_orc
D:9:      wad_cavern_with_rooms, layout_irregular_city, good_gods_temple_1,
          lightli_temple_of_fire
D:10:     layout_basic, minitemple, minmay_lair_entry_grove
D:11:     layout_long_grid, uniq_fannar
D:12:     layout_basic, david_orc_3, uniq_lodul
D:13:     layout_loops_ring, nzn_random_ring
Temple:   hellmonk_temple_rainy
Lair:1:   layout_misc_corridors, roderic_batcave
Lair:2:   layout_cave_pods, lemuel_fruit_fields, uniq_maggie
Lair:3:   layout_long_grid, minmay_swamp_entry_swarm,
          guppyfry_snake_entry_garden, lightli_volcano_entry_magma_tube,
          grunt_megastairs_5, serial_bayou_shore_a
Lair:4:   layout_layer_cave, grunt_megastairs_1
Lair:5:   due_jungle_book, layout_regular_city, dpeg_slime_entry_corner,
          portal_ice_cave_entry_animals_and_master
Swamp:1:  layout_falls_marsh, evilmike_swamp_ruin_house_4
Swamp:2:  layout_basic_swamp, evilmike_swamp_ruin_house_2
Snake:1:  layout_misc_corridors, drop_trap, nicolae_snake_single_loop,
          grunt_megastairs_2, uniq_asterion
Orc:1:    layout_caves
Orc:2:    st_orc_town, layout_diamond_mine, basic_altar
Elf:1:    layout_loops_corners, nicolae_trove_entry_isolated,
          kennysheep_underground_church, uniq_nikola, uniq_louise
Elf:2:    elven_hall_of_blades_hangedman_original [nicolae_blade_little_rooms],
          layout_rooms, einodemon_crawler_minivault
Elf:3:    minmay_elf_hall_circle, layout_geoelf_grid, minivault_26,
          due_unseen_surprise

Skill      XL: |  1  2  3  4  5  6  7  8  9 10 11 12 13 14 15 16 17 18 |
---------------+-------------------------------------------------------+-----
Stealth        | 2 4 |  4.0
Fighting       | 1 2 3 4 5 6 7 8 10 11 12 13 | 13.2
Armour         | 1 2 3 4 5 6 7 8 10 | 10.0
Spellcasting   | 3 4 5 6 7 8 10 11 12 13 14 | 14.6
Ranged Weapons | 1 2 3 4 5 7 8 9 |  9.5
Dodging        | 3 4 5 6 7 8 9 10 | 10.0
Short Blades   | 2 3 4 5 |  5.0
Evocations     | 2 3 5 6 |  6.0
Throwing       | 1 2 3 |  3.0
Shields        | 1 3 4 6 |  6.0
Invocations    | 2 3 4 6 7 8 |  8.1

Action                     |  1- 3 |  4- 6 |  7- 9 | 10-12 | 13-15 | 16-18 || total
---------------------------+-------+-------+-------+-------+-------+-------++-------
  Melee: Short sword       |     1 |       |       |       |       |       ||     1
         Dagger            |     4 |     2 |    19 |     9 |    52 |   108 ||   194
         Punch             |       |     1 |       |       |       |       ||     1
         Unarmed           |       |       |       |       |       |    43 ||    43
   Fire: Arbalest          |       |       |       |       |       |     6 ||     6
  Throw: Dart              |       |       |     2 |     8 |     2 |    11 ||    23
   Cast: Foxfire           |    98 |   130 |   177 |   313 |   599 |   121 ||  1438
         Blink             |       |     1 |       |     2 |     5 |     1 ||     9
         Scorch            |       |       |    68 |   156 |   362 |   217 ||   803
         Slow              |       |       |     3 |     2 |       |     1 ||     6
         Gell's Gravitas   |       |       |     1 |     3 |     2 |    18 ||    24
         Frozen Ramparts   |       |       |       |    25 |    56 |    46 ||   127
         Kindle Blastspark |       |       |       |    12 |       |     2 ||    14
         Flame Wave        |       |       |       |    13 |    22 |     5 ||    40
         Lee's Rapid Decon |       |       |       |     4 |    52 |   108 ||   164
         Conjure Ball Ligh |       |       |       |       |    37 |    35 ||    72
         Storm Form        |       |       |       |       |       |     4 ||     4
 Invoke: Lesser Servant of |       |       |       |       |       |     1 ||     1
  Evoke: Wand              |       |       |     5 |     1 |    16 |       ||    22
         Phial of floods   |       |       |       |       |       |     1 ||     1
    Use: Scroll            |     5 |     4 |    10 |     8 |    13 |     8 ||    48
         Potion            |       |       |     1 |     4 |     7 |     8 ||    20
   Stab: Sleeping          |     1 |     1 |     1 |       |     1 |     3 ||     7
         Distracted        |       |       |       |       |     1 |     2 ||     3
 Armour: Robe              |     4 |       |     8 |    11 |       |       ||    23
         Leather armour    |       |       |     1 |    40 |    74 |    77 ||   192
         Skin              |       |       |       |       |       |    12 ||    12
  Dodge: Dodged            |     3 |     7 |    24 |    65 |   205 |   227 ||   531
  Block: Other             |       |       |       |     1 |    16 |    28 ||    45
         Reflection        |       |       |       |       |     2 |     9 ||    11
         Buckler           |       |       |       |       |       |    84 ||    84

Table legend: (Time is in decaauts)
 A = Elapsed time spent in this place.
 B = Non-inter-level travel time spent in this place.
 C = Inter-level travel time spent in this place.
 D = Time resting spent in this place.
 E = Time spent auto-exploring this place.
 F = Levels seen in this place.
 G = Mean time per level.
                   A        B        C        D        E       F      G
               +--------+--------+--------+--------+--------+-----+--------+
         Total |  37005 |  34516 |   2489 |   8433 |  19135 |  31 | 1193.7 |
       Dungeon |  15012 |  13672 |   1340 |   2235 |   9179 |  13 | 1154.8 |
        Temple |     21 |     12 |      9 |      0 |      3 |   1 |   21.0 |
          Lair |   9473 |   8837 |    636 |   1991 |   5428 |   5 | 1894.6 |
         Swamp |    798 |    773 |     25 |    242 |    397 |   2 |  399.0 |
     Snake Pit |   1252 |   1252 |      0 |    518 |    381 |   1 | 1252.0 |
  Orcish Mines |   2158 |   1915 |    243 |    231 |   1056 |   2 | 1079.0 |
   Elven Halls |   5552 |   5320 |    232 |   1909 |   2235 |   3 | 1850.7 |
         Abyss |     80 |     80 |      0 |     26 |      8 |   1 |   80.0 |
        Bailey |    533 |    533 |      0 |    192 |     66 |   1 |  533.0 |
      Ice Cave |   1282 |   1282 |      0 |    623 |    261 |   1 | 1282.0 |
       Volcano |    839 |    839 |      0 |    465 |    121 |   1 |  839.0 |
               +--------+--------+--------+--------+--------+-----+--------+

Top non-repeatable levels by time:
   Elf:1: 3266 daAuts
  Lair:4: 2760 daAuts
  Lair:5: 2715 daAuts
    D:10: 2142 daAuts
    D:13: 1875 daAuts
  Lair:3: 1765 daAuts
   Orc:2: 1651 daAuts
   Elf:2: 1619 daAuts
    D:11: 1406 daAuts
     D:5: 1310 daAuts
  Lair:2: 1288 daAuts
   IceCv: 1282 daAuts
 Snake:1: 1252 daAuts
     D:7: 1195 daAuts
     D:9: 1038 daAuts
